 Dungeon Crawl Stone Soup version 0.27-a0-1202-ge72e49191c (webtiles) character file.

Game seed: 1457998215955610401

5378 Delamore the Basher (level 10, -12/76 HPs)
             Began as a Formicid Fighter on June 4, 2021.
             Was an Elder of Okawaru.
             Killed from afar by a lindwurm (19 damage)
             ... with a blast of flame
             ... on level 8 of the Dungeon.
             The game lasted 00:09:05 (8825 turns).

Delamore the Basher (Formicid Fighter)              Turns: 8825, Time: 00:09:05

Health: -12/76     AC:  9    Str: 28    XL:     10   Next: 98%
Magic:  19/19      EV:  9    Int:  7    God:    Okawaru [****..]
Gold:   328        SH: 12    Dex: 12    Spells: 9/9 levels left

rFire    . . .     SeeInvis +   v - +11 whip "Wees" {holy, Str+3 Dex+2}
rCold    . . .     Faith    .   c - +1 kite shield
rNeg     . . .     Spirit   .   b - +0 scale mail
rPois    .         Reflect  .   (helmet unavailable)
rElec    .         Harm     .   f - +0 cloak
rCorr    .         Rampage  .   y - +0 pair of gloves
Will     +....                  (no boots)
Stlth    ..........             (no amulet)
HPRegen  0.22/turn              t - ring of flight
MPRegen  0.16/turn              s - ring of magical power

@: flying
A: permanent stasis, dig shafts and tunnels, antennae 3, four strong arms
a: Dig, Shaft Self, Renounce Religion, Heroism


You were on level 8 of the Dungeon.
You worshipped Okawaru.
Okawaru was greatly pleased with you.
You visited 2 branches of the dungeon, and saw 9 of its levels.

You collected 328 gold pieces.

Inventory:

Hand Weapons
 a - a +1 trident
 v - the +11 whip "Wees" (weapon) {holy, Str+3 Dex+2}
   (You found it on level 5 of the Dungeon)

   It has been blessed by the Shining One to cause great damage to the undead
   and demons.
   It affects your strength (+3).
   It affects your dexterity (+2).
Missiles
 k - 40 poisoned darts (quivered)
 u - 2 throwing nets
 z - 3 atropa-tipped darts
Armour
 b - a +0 scale mail (worn)
 c - a +1 kite shield (worn)
 f - a +0 cloak (worn)
 y - a +0 pair of gloves (worn)
Jewellery
 s - a ring of magical power (right hand)
 t - a ring of flight (left hand)
Wands
 p - a wand of charming (11)
 r - a wand of mindburst (14)
Scrolls
 h - 2 scrolls of immolation
 n - 2 scrolls of amnesia
 o - a scroll of fear
 q - a scroll of identify
Potions
 d - 3 potions of might
 e - a potion of attraction
 g - 2 potions of mutation
 i - 3 potions of curing
 j - a potion of haste
 l - a potion of lignification
 m - 3 potions of heal wounds {unknown}
 w - a potion of flight {unknown}
 x - a potion of cancellation {unknown}


   Skills:
 + Level 5.8 Fighting
 - Level 12.0 Maces & Flails
 - Level 6.5 Polearms
 + Level 2.4 Throwing
 - Level 3.2 Armour
 - Level 7.0 Shields


You had 9 spell levels left.
You didn't know any spells.
Your spell library contained the following spells:

 Spells                   Type           Power      Damage    Failure   Level
 Corona                   Hex            0%         N/A       83%         1
 Sandblast                Erth           0%         2d4       83%         1
 Ensorcelled Hibernation  Hex/Ice        0%         N/A       93%         2
 Sublimation of Blood     Necr           0%         N/A       93%         2
 Confusing Touch          Hex            0%         N/A       99%         3
 Dazzling Flash           Conj/Hex       0%         N/A       99%         3
 Tukima's Dance           Hex            0%         N/A       99%         3
 Vampiric Draining        Necr           0%         2d6       99%         3
 Excruciating Wounds      Necr           0%         N/A       100%        5
 Shatter                  Erth           0%         3d5*      100%        9


Dungeon Overview and Level Annotations

Branches:
Dungeon (8/15)             Temple (1/1) D:6
   Lair: D:8-11

Altars:
Ashenzari
Cheibriados
Dithmenos
Elyvilon
Fedhas
Hepliaklqana
Kikubaaqudgha
Makhleb
Nemelex Xobeh
Okawaru
Qazlal
Ru
Trog
Vehumet
Wu Jian
Xom
Yredelemnul
Zin
The Shining One

Shops:
D:1 (   D:4 :

Annotations:
D:5 3 runed translucent doors, celly00's ghost, novice DjGl


Innate Abilities, Weirdness & Mutations

You cannot be hasted, slowed, berserked, paralysed or teleported.
You can dig through walls and to a lower floor.
You have a pair of large antennae on your head. (SInv)
Your four strong arms can wield two-handed weapons with a shield.


Message History

The lindwurm claws you but does no damage. x2
Your scale mail prevents you from hitting the lindwurm.
The lindwurm is almost dead.
The lindwurm bites you. You block the lindwurm's attack.
The lindwurm claws you.
You closely miss the lindwurm.
The lindwurm is almost dead.
The lindwurm breathes flames at you. The blast of flame misses you.
You hit the lindwurm.
The lindwurm is almost dead.
You block the lindwurm's attack. x2
The lindwurm claws you but does no damage.
You whack the lindwurm!
You kill the lindwurm!
Okawaru is honoured by your kill.
Your base Throwing skill increases to level 2!
You hit the lindwurm but do no damage.
You swing at nothing.
You feel like a meek peon again.
You whack the lindwurm!
The lindwurm is lightly wounded.
You block the lindwurm's attack. The lindwurm barely misses you.
The lindwurm claws you! The lindwurm breathes flames at you.
The blast of flame hits you!!
* * * LOW HITPOINT WARNING * * *
You feel better.
The lindwurm bites you but does no damage.
You block the lindwurm's attack.
The lindwurm claws you but does no damage.
You block the lindwurm's attack. The lindwurm barely misses you.
You block the lindwurm's attack.
You feel better. The lindwurm bites you!
* * * LOW HITPOINT WARNING * * *
You block the lindwurm's attack.
The lindwurm claws you but does no damage.
The lindwurm breathes flames at you. The blast of flame hits you!!
You die...

#.........≈..≈≈§...
#.........≈≈§§≈§≈≈.
###.....≈≈≈§§§≈≈≈≈≈
#......≈≈≈≈≈≈§≈≈≈≈
#.#.§.§≈≈§§≈≈≈≈§≈≈
#.#...≈§§§≈§....≈
#.≈§≈§§§§§.##..
#§.§≈§§≈kk##
....≈§§≈.@#.$$.#
#...≈§≈§§.##$|>=#
#...§≈§≈≈.# k=)(#
#....≈§≈≈.. .$?.#
...§§§§≈≈. ####..
..§§≈≈≈. ..§
...§≈≈§ §≈ ..≈≈≈§≈


You could see 2 lindwurms.

Vanquished Creatures
  2 lindwurms (D:8)
  A manticore (D:7)
  A wraith (D:7)
  A wyvern (D:7)
  3 yaks (D:7)
  Edmund (D:5)
  A water moccasin (D:6)
  An orc warrior (D:6)
  3 sky beasts
  A hornet zombie (D:7)
  3 black bears
  2 necrophages (D:6)
  5 centaurs
  3 ogres
  A phantom (D:6)
  A bullfrog (D:6)
  7 scorpions
  A wyvern skeleton (D:6)
  5 wights (D:7)
  2 jellies (D:6)
  2 centaur zombies
  2 gnoll shamans (D:7)
  3 hounds
  An orc priest (D:2)
  A centaur skeleton (D:6)
  2 orc wizards
  An iguana (D:6)
  A killer bee zombie (D:6)
  A hound zombie (D:5)
  4 adders
  14 gnolls
  2 shadow imps
  2 white imps
  3 ufetubi
  2 worms
  3 dart slugs
  16 orcs
  3 bats
  6 endoplasms
  12 giant cockroaches (D:2)
  9 goblins
  9 hobgoblins
  6 jackals
  6 kobolds
  3 quokkas
  4 ball pythons (D:2)
  3 frilled lizards
  7 rats
173 creatures vanquished.

Notes
Turn   | Place    | Note
-------+----------+-------------------------------------------
     0 | D:1      | Delamore the Formicid Fighter began the quest for the Orb.
     0 | D:1      | Reached XP level 1. HP: 18/18 MP: 1/1
   127 | D:1      | Reached XP level 2. HP: 16/24 MP: 2/2
   532 | D:1      | Found Haak's Antique Weapon Boutique.
   585 | D:1      | Reached XP level 3. HP: 29/29 MP: 3/3
   903 | D:2      | Reached XP level 4. HP: 30/37 MP: 4/4
  1304 | D:2      | Reached XP level 5. HP: 42/42 MP: 5/5
  2123 | D:3      | Noticed a black bear
  2138 | D:3      | Killed a black bear
  2139 | D:3      | Reached XP level 6. HP: 24/49 MP: 6/6
  2418 | D:3      | Found a basalt altar of Yredelemnul.
  2479 | D:3      | Noticed an ogre
  3136 | D:3      | Killed an ogre
  3137 | D:3      | Reached skill level 5 in Polearms
  3137 | D:3      | Reached skill level 5 in Shields
  3137 | D:3      | Reached XP level 7. HP: 10/55 MP: 7/7
  3406 | D:2      | Reached skill level 5 in Fighting
  4010 | D:4      | Found Orphoiwn's Book Shop.
  4016 | D:4      | Identified the Compendium of the Doomed Mountains
  4728 | D:5      | Entered Level 5 of the Dungeon
  4754 | D:5      | Noticed Edmund
  4910 | D:5      | Killed Edmund
  4911 | D:5      | Reached XP level 8. HP: 27/62 MP: 8/8
  5132 | D:5      | Identified the +11 whip "Wees" {holy, Str+3 Dex+2}
  5241 | D:5      | Found a runed translucent gate.
  5243 | D:5      | Found a runed translucent gate.
  5243 | D:5      | Noticed celly00's ghost (novice DjGl)
  5244 | D:5      | Found a runed translucent gate.
  5265 | D:5      | Reached skill level 1 in Maces & Flails
  5846 | D:6      | Reached skill level 2 in Maces & Flails
  5926 | D:6      | Found a staircase to the Ecumenical Temple.
  5933 | D:6      | Reached skill level 3 in Maces & Flails
  5939 | Temple   | Entered the Ecumenical Temple
  6067 | Temple   | Became a worshipper of Warmaster Okawaru
  6180 | D:6      | Reached skill level 4 in Maces & Flails
  6384 | D:6      | Reached skill level 5 in Maces & Flails
  6384 | D:6      | Reached XP level 9. HP: 50/68 MP: 9/9
  6505 | D:6      | Reached skill level 6 in Maces & Flails
  6709 | D:6      | Reached * piety under Okawaru
  6900 | D:6      | Reached skill level 7 in Maces & Flails
  7165 | D:6      | Reached skill level 8 in Maces & Flails
  7578 | D:7      | Reached ** piety under Okawaru
  7579 | D:7      | Reached skill level 9 in Maces & Flails
  7969 | D:7      | Reached XP level 10. HP: 74/74 MP: 10/10
  7998 | D:7      | Reached skill level 10 in Maces & Flails
  8017 | D:7      | Reached *** piety under Okawaru
  8204 | D:7      | Noticed a manticore
  8212 | D:7      | Reached skill level 11 in Maces & Flails
  8223 | D:7      | Killed a manticore
  8478 | D:7      | Noticed an eight-headed hydra
  8797 | D:8      | Noticed a lindwurm
  8797 | D:8      | Noticed a lindwurm
  8797 | D:8      | Noticed a lindwurm
  8807 | D:8      | Killed a lindwurm
  8807 | D:8      | Reached **** piety under Okawaru
  8808 | D:8      | Reached skill level 12 in Maces & Flails
  8808 | D:8      | Reached skill level 1 in Throwing
  8809 | D:8      | Noticed a lindwurm
  8820 | D:8      | Killed a lindwurm
  8825 | D:8      | Killed from afar by a lindwurm

Illustrated notes

Levels and vault maps discovered:
D:1:      dpeg_arrival_tiny_k, layout_loops_cross, serial_shops, shop,
          st_stairs_12
D:2:      minmay_roachtagon, layout_rooms
D:3:      layout_basic, old_standard_altar
D:4:      layout_basic, serial_shops, shop, corexii_hall_statues_deadend,
          chequers_serial_rivers_micro_e
D:5:      layout_cave_pools, serial_rivers, chequers_serial_rivers_small_3,
          chequers_serial_rivers_marsh, chequers_serial_rivers_large_a,
          chequers_serial_rivers_marsh, ebering_ghost_rock_garden,
          chequers_serial_rivers_marsh, uniq_edmund
D:6:      kb_forest_paths, layout_basic, minmay_temple_entry_grid
D:7:      layout_loops_ring, nicolae_overflow_hidden_temple,
          minmay_shattered_shrine
D:8:      layout_gridville, hangedman_decor_clover_reticule,
          minmay_lindwurm_lava, uniq_gastronok
Temple:   regret_index_temple_mists

Skill      XL: |  1  2  3  4  5  6  7  8  9 10 |
---------------+-------------------------------+-----
Polearms       | 3 4 5 6 |  6.5
Shields        | 4 5 6 7 |  7.0
Fighting       | 4 5 |  5.8
Maces & Flails | 5 9 12 | 12.0
Throwing       | 2 |  2.4
Armour         | |  3.2

Action                   |  1- 3 |  4- 6 |  7- 9 | 10-12 || total
-------------------------+-------+-------+-------+-------++-------
Melee: Trident           |   106 |   200 |   120 |       ||   426
       Whip              |       |       |   153 |    96 ||   249
Throw: Dart              |       |    16 |    10 |       ||    26
Invok: Heroism           |       |       |       |     1 ||     1
 Abil: Dig               |       |     2 |       |       ||     2
  Use: Scroll            |     3 |     9 |     4 |       ||    16
       Potion            |       |       |       |     2 ||     2
Armor: Scale mail        |    44 |    77 |    78 |    43 ||   242
Dodge: Dodged            |    25 |    75 |    68 |    39 ||   207
Block: Kite shield       |    41 |   123 |   101 |    67 ||   332

Table legend: (Time is in decaauts)
 A = Elapsed time spent in this place.
 B = Non-inter-level travel time spent in this place.
 C = Inter-level travel time spent in this place.
 D = Time resting spent in this place.
 E = Time spent auto-exploring this place.
 F = Levels seen in this place.
 G = Mean time per level.
                   A        B        C        D        E       F      G
               +--------+--------+--------+--------+--------+-----+--------+
         Total |   8938 |   8721 |    217 |   2175 |   5119 |   9 |  993.1 |
       Dungeon |   8749 |   8567 |    182 |   2175 |   4984 |   8 | 1093.6 |
        Temple |    188 |    154 |     34 |      0 |    135 |   1 |  188.0 |
               +--------+--------+--------+--------+--------+-----+--------+

Top non-repeatable levels by time:
     D:2: 1872 daAuts
     D:6: 1708 daAuts
     D:3: 1272 daAuts
     D:7: 993 daAuts
     D:1: 899 daAuts
     D:5: 889 daAuts
     D:4: 816 daAuts
     D:8: 297 daAuts
  Temple: 188 daAuts
